 Dungeon Crawl Stone Soup version 0.23-a0-344-ge122d05 (webtiles) character file.

4 Mgcat the Skirmisher (level 1, -1/11 HPs)
             Began as a Vine Stalker Fighter on Oct 19, 2018.
             Slain by a leopard gecko (2 damage)
             ... on level 1 of the Dungeon.
             The game lasted 00:00:19 (121 turns).

Mgcat the Skirmisher (Vine Stalker Fighter)          Turns: 121, Time: 00:00:20

Health: -1/11      AC:  6    Str: 18    XL:     1   Next: 60%
Magic:  0/2        EV:  7    Int:  8    God:
Gold:   20         SH:  9    Dex: 13    Spells: 0/0 levels left

rFire    . . .     SeeInvis .   a - +0 war axe
rCold    . . .     Gourm    .   c - +0 shield
rNeg     . . .     Faith    .   b - +0 scale mail
rPois    .         Spirit   +   (no helmet)
rElec    .         Reflect  .   (no cloak)
rCorr    .         Harm     .   (no gloves)
MR       .....                  (no boots)
Stlth    ..........             (no amulet)
HPRegen  0.03/turn              (no ring)
MPRegen  0.08/turn              (no ring)

@: no status effects
A: fangs 2, magic shield, antimagic bite, no potion heal 3, rot immunity
a: no special abilities


You were on level 1 of the Dungeon.
You were not hungry.

You visited 1 branch of the dungeon, and saw 1 of its levels.

You collected 20 gold pieces.

Inventory:

Hand Weapons
 a - a +0 war axe (weapon)
Armour
 b - a +0 scale mail (worn)
 c - a +0 shield (worn)
Potions
 d - a potion of might
 e - a potion of haste {unknown}
Comestibles
 f - a ration
 g - 3 chunks of flesh {@w0}


   Skills:
 + Level 2.8 Fighting
 + Level 2.0 Axes
 - Level 2.4 Armour
 - Level 2.6 Shields


You couldn't memorise any spells.
You didn't know any spells.
Your spell library was empty.

Dungeon Overview and Level Annotations

Branches:
Dungeon (1/15)

Altars:


Innate Abilities, Weirdness & Mutations

You have extremely sharp teeth.
When hurt, damage is shared between your health and your magic reserves.
Your bite disrupts and absorbs the magic of your enemies.
Potions cannot restore your health.
You are immune to rotting.


Message History

a frilled lizard skeleton; a goblin skeleton
Things that are here:
a frilled lizard skeleton; a goblin skeleton Key pressed, stopping explore.
You now have 10 gold pieces.
Key pressed, stopping explore.
You now have 20 gold pieces (gained 10).
Found a stone staircase leading down.
A leopard gecko comes into view.
The leopard gecko hisses angrily.
A bat comes into view.
Unknown command.
Unknown command.
A kobold comes into view. It is wielding a +0 club.
The kobold shouts!
The kobold throws a stone.
The stone barely misses you.
Things that are here:
a stone; a gold piece The bat hits you but does no damage.
Your shield prevents you from hitting the leopard gecko.
You bite the leopard gecko. You drain its power.
The leopard gecko is lightly wounded.
You block the bat's attack. The leopard gecko barely misses you.
You closely miss the leopard gecko. Your bite misses the leopard gecko.
The leopard gecko is lightly wounded.
You closely miss the bat. You block the bat's attack.
The bat hits you but does no damage.
The leopard gecko completely misses you.
You block the bat's attack.
The leopard gecko hisses menacingly.
The leopard gecko closely misses you.
You closely miss the leopard gecko.
The leopard gecko is lightly wounded.
You miss the bat. You block the bat's attack.
The leopard gecko bites you but does no damage.
The leopard gecko barely misses you.
You hit the leopard gecko. Your bite misses the leopard gecko.
The leopard gecko is moderately wounded.
Your shield prevents you from hitting the kobold.
You block the bat's attack. You block the kobold's attack.
The leopard gecko closely misses you. The kobold hits you with a +0 club.
You are too injured to fight recklessly!
You are too injured to fight recklessly!
You are too injured to fight recklessly!
You are too injured to fight recklessly!
You miss the leopard gecko.
The leopard gecko is moderately wounded.
You hit the kobold. You hit the bat. The bat hits you but does no damage. x2
You block the leopard gecko's attack. The leopard gecko barely misses you.
The bat hits you but does no damage. The kobold hits you but does no damage.
You closely miss the leopard gecko. You bite the leopard gecko.
You drain its power.
You feel invigorated.
The leopard gecko is almost dead.
You closely miss the bat.
Your shield prevents you from hitting the kobold.
You block the bat's attack. You block the leopard gecko's attack.
The kobold hits you but does no damage. The leopard gecko bites you.
You closely miss the kobold. Your bite misses the kobold.
The kobold is severely wounded.
You miss the leopard gecko. The bat hits you but does no damage.
The leopard gecko barely misses you. The kobold hits you but does no damage.
The leopard gecko bites you.
* * * LOW HITPOINT WARNING * * *
The kobold hits you but does no damage.
You barely miss the kobold.
The kobold is severely wounded.
You hit the leopard gecko but do no damage.
The bat hits you but does no damage. You block the leopard gecko's attack.
The bat hits you but does no damage. The kobold hits you but does no damage.
You block the leopard gecko's attack.
You slash the kobold!
You kill the kobold!
Your Axes skill increases to level 2!
Your shield and scale mail prevent you from hitting the leopard gecko.
You hit the bat. The bat barely misses you.
The bat hits you but does no damage. The leopard gecko bites you.
* * * LOW HITPOINT WARNING * * *
You block the bat's attack.
The leopard gecko hisses menacingly.
The leopard gecko barely misses you.
You closely miss the leopard gecko.
The leopard gecko is almost dead.
You hit the bat but do no damage. You block the bat's attack.
You block the leopard gecko's attack. x2
You closely miss the leopard gecko.
The leopard gecko is almost dead.
The bat barely misses you.
The leopard gecko bites you but does no damage.
You closely miss the leopard gecko.
The leopard gecko is almost dead.
You hit the bat but do no damage. The bat barely misses you.
The bat hits you but does no damage. You block the leopard gecko's attack.
The leopard gecko bites you.
* * * LOW HITPOINT WARNING * * *
You closely miss the leopard gecko. Your bite misses the leopard gecko.
The leopard gecko is severely wounded.
You closely miss the bat. The bat closely misses you.
The leopard gecko bites you but does no damage.
The leopard gecko bites you.
You die...

#.##..... #.#.....#
##.......# #
.....>...#.#
..b........
#.#.......#
#.#l).....#
##..@...?###
####..(.......# .
#.............###..
#.......#..........
#..................
....................
##......##.......#
#......##.....#...
##...####.....#


You could see a leopard gecko and a bat.

Vanquished Creatures
  A bat (D:1)
  A goblin (D:1)
  A frilled lizard (D:1)
  A kobold (D:1)
4 creatures vanquished.

Notes
Turn   | Place    | Note
-------+----------+-------------------------------------------
     0 | D:1      | Mgcat the Vine Stalker Fighter began the quest for the Orb.
     0 | D:1      | Reached XP level 1. HP: 11/11 MP: 2/2
   117 | D:1      | Reached skill level 2 in Axes
   117 | D:1      | HP: 1/11 [leopard gecko (2)]
   121 | D:1      | Slain by a leopard gecko

Vault maps used:
D:1:      wheals_arrival_linesprint, grunt_decor_fettered

Skill      XL: |  1 |
---------------+----+-----
Axes           | 2 |  2.0
Fighting       | |  2.8
Armour         | |  2.4
Shields        | |  2.6

Action                   || total
-------------------------++-------
Melee: War axe           ||    22
       Bite              ||     4
Armor: Scale mail        ||    27
Dodge: Dodged            ||    18
Block: Shield            ||    22

Table legend:
 A = Non-vault XP
 B = Vault XP
 C = Vault XP percentage of total XP
 D = Non-vault monster count
 E = Vault monster count
 F = Vault count percentage of total count
                 A         B        C        D         E       F
            +---------+---------+-------+---------+---------+-------
      Total |       6 |       0 |   0.0 |       4 |       0 |   0.0
            +---------+---------+-------+---------+---------+-------
        D:1 |       6 |       0 |   0.0 |       4 |       0 |   0.0
            +---------+---------+-------+---------+---------+-------

Vault maps used:
D:1:      wheals_arrival_linesprint, grunt_decor_fettered

Table legend:
 A = Turns spent in this place as a percentage of turns spent in the entire game.
 B = Non-inter-level travel turns spent in this place as a percentage of non-inter-level travel turns spent in the entire game.
 C = Inter-level travel turns spent in this place as a percentage of turns spent in this place.
 D = Turns resting spent in this place as a percentage of non-inter-level travel turns spent in this place.
 E = Turns spent auto-exploring this place as a percentage of non-inter-level travel turns spent in this place.
 F = Non-inter-level travel turns spent in this place divided by the number of levels of this place that you've seen.
                   A       B       C       D       E      F
               +-------+-------+-------+-------+-------+----------------------
         Total | 100.0 | 100.0 |   0.0 |   0.0 |  73.6 | 121.0
       Dungeon | 100.0 | 100.0 |   0.0 |   0.0 |  73.6 | 121.0
               +-------+-------+-------+-------+-------+----------------------

Table legend:
 A = Kills in this place as a percentage of kills in entire the game.
 B = Kills by you in this place as a percentage of kills by you in the entire game.
 C = Kills by friends in this place as a percentage of kills by friends in the entire game.
 D = Other kills in this place as a percentage of other kills in the entire game.
 E = Experience gained in this place as a percentage of experience gained in the entire game.
 F = Experience gained in this place divided by the number of levels of this place that you have seen.
                   A       B       C       D       E      F
               +-------+-------+-------+-------+-------+----------------------
         Total | 100.0 | 100.0 |   N/A |   N/A | 100.0 |   6.0
       Dungeon | 100.0 | 100.0 |   N/A |   N/A | 100.0 |   6.0
               +-------+-------+-------+-------+-------+----------------------
